 Dungeon Sprint DCSS version 0.29-a0-821-g66395355a5 (webtiles) character file.

Game seed: 65710945974602264

11942 mhtbhm the Brawler (level 11, -3/157 HPs)
             Began as a Troll Transmuter on July 7, 2022.
             Was a High Priest of Okawaru.
             Slain by a hornet (9 damage)
             ... in the Dungeon (Sprint I: "Red Sonja") on July 8, 2022.
             The game lasted 00:12:48 (3681 turns).

mhtbhm the Brawler (Troll Transmuter)               Turns: 3681, Time: 00:12:49

Health: -3/157     AC: 25    Str: 24    XL:     11   Next: 55%
Magic:  22/22      EV:  1    Int:  9    God:    Okawaru [*****.]
Gold:   1110       SH:  0    Dex: 10    Spells: 16/26 levels left

rFire   + . .      SeeInvis .     - Unarmed
rCold   + . .      Faith    .   (no shield)
rNeg    . . .      Spirit   .   (body armour currently unavailable)
rPois   +          Reflect  .   (helmet currently unavailable)
rElec   .          Harm     .   (cloak currently unavailable)
rCorr   .          Rampage  .   (gloves unavailable)
Will    .....      NoTele   +   (boots unavailable)
Stlth   ++........              (no amulet)
HPRegen 1.16/turn               k - ring of protection from fire
MPRegen 0.18/turn               i - ring of protection from cold

@: lethally poisoned (-3 -> -6), tree-form (expiring), mesmerised, slowed, very
slow
A: stationary, stasis, torment immunity, boosted hp, large, unfitting armour,
(claws 3), regeneration 1, (shaggy fur 1), (tough skin 1)
a: Renounce Religion, Heroism, Finesse


You were in the Dungeon.
You worshipped Okawaru.
Okawaru was extremely pleased with you.
You were a tree.
You visited 1 branch You collected 2504 gold pieces.
You spent 1394 gold pieces at shops.

Inventory:

Missiles
 g - 4 curare-tipped darts (quivered)
Armour
 a - the +2 robe of Sophism (melded) {rElec Dex+3}
   (You bought it in a shop in the Dungeon)

   Dex:       It affects your dexterity (+3).
   rElec:     It insulates you from electricity.
 j - a scarf of repulsion (melded)
 l - the +2 hat of Buikiam (melded) {Fly Regen+ Slay+2}
   (You acquired it in the Dungeon)

   Slay:      It affects your accuracy & damage with ranged weapons and melee
   (+2).
   Fly:       It grants you flight.
   Regen:     It increases your rate of health regeneration.
Jewellery
 i - a ring of protection from cold (right branch)
 k - a ring of protection from fire (left branch)
Wands
 e - a wand of polymorph (6)
Scrolls
 h - 4 scrolls of identify
Potions
 f - 2 potions of magic


   Skills:
 + Level 5.8 Fighting
 + Level 2.1 Throwing
 + Level 8.4 Dodging
 + Level 4.4 Stealth
 + Level 15.6 Unarmed Combat
 + Level 8.0 Spellcasting
 + Level 9.1 Transmutations
 + Level 3.0 Ice Magic
 + Level 2.8 Poison Magic
 * Level 10.1 Invocations
 + Level 1.9 Evocations


You had 16 spell levels left.
You knew the following spells:

 Your Spells              Type           Power      Damage    Failure   Level
a - Beastly Appendage     Tmut           38%        N/A       1%          1
b - Wereblood             Tmut           19%        N/A       1%          2
c - Spider Form           Tmut/Pois      14%        N/A       4%          3
d - Ice Form              Ice/Tmut       14%        N/A       16%         4

Your spell library contained the following spells:

 Spells                   Type           Power      Damage    Failure   Level


Dungeon Overview and Level Annotations

Branches:
Dungeon (1/1)

Altars:
Cheibriados
Dithmenos
Elyvilon
Fedhas
Gozag
Hepliaklqana
Kikubaaqudgha
Makhleb
Nemelex Xobeh
Okawaru
Qazlal
Ru
Sif Muna
Trog
Uskayaw
Vehumet
Wu Jian
Xom
Yredelemnul
Zin
The Shining One
Jiyva
Lugonu

Shops:
D [?:(:=(!*=*(=(([?


Innate Abilities, Weirdness & Mutations

You are a tree.
Your roots penetrate the ground, keeping you stationary.
You cannot be teleported.
You are immune to unholy pain and torment.
Your maximum health is greatly increased.
Your equipment is partially melded.
You are too large for most types of armour.
((You have claws for hands.))
Your natural rate of healing is unusually fast.
((You are covered in fur. (AC +1)))
((You have tough skin. (AC +1)))


Message History

You feel much better.
You feel very sick.
The hornet stings you but does no damage.
The hornet stings you.
You feel as though you will be slow longer.
The hornet stings you.
* * * LOW HITPOINT WARNING * * *
The merfolk siren chants its luring song.
The hornet stings you.
* * * LOW HITPOINT WARNING * * *
You feel as though you will be slow longer.
The hornet stings you.
* * * LOW HITPOINT WARNING * * *
You feel as though you will be slow longer.
The hornet stings you!
* * * LOW HITPOINT WARNING * * *
You are more poisoned.
You suddenly lose the ability to move!
The merfolk siren chants its luring song.
You feel very sick. The hornet stings you!
* * * LOW HITPOINT WARNING * * *
You shrug off the repeated paralysis!
The hornet stings you but does no damage. x3
The merfolk siren chants its luring song.
You can move again.
Casting: Ice Form (dangerous; 16% risk of failure)
Confirm with . or Enter, or press ? or * to list all spells.
Okay, then.
You pummel the hornet!!
You kill the hornet!
Okawaru accepts your kill. Okawaru grants you ammunition!
Something appears at your feet!
You feel very sick.
The hornet stings you but does no damage.
The hornet stings you!
* * * LOW HITPOINT WARNING * * *
You shrug off the repeated paralysis!
The hornet stings you!
You die...

#######################**********
§.§§§§.§...'..#..'†...#,,,,,,,,,*
.####§§...##..§..#..§§##,,,,,,,,*
§#,*##...#######'#§§§§.#****,,,,*
.#+*,###'#)).##).#§§.§§#,,,*,,,,*
##,,,*,#.##...#.♣##§..§#,∩,*,,,,*
,*,,,**#..###.#.yy###'##,,,*,,,,*
,+,,,,,##.#A#.#..≈.)#.#***+*,,,,*
.*,,,,,#..###.#m)≈.##+#,,,,**,,,*
.#**++*#.##...#..≈##,,,,,,,,**,,*
##*,,**#..#+###..≈#,,,,,,,,,,*,,*
#***,,*##...#,≈..##,,,,,,,,,,**,*
*,,*,,*,###.#,≈..#,,,,,,,,,,,,*,*
*,,,,,,,,,#.#**,,*,,,,,,,,,,,,*,*


You could see a merfolk siren (mesmerising) and 2 hornets.

Vanquished Creatures
  A hydra (D)
  2 centaur warriors (D)
  Sonja (D)
  A deep troll (D)
  A lindwurm (D)
  An oklob plant (D)
  A gargoyle (D)
  7 unseen horrors (D)
  2 kobold demonologists (D)
  4 demonic crawlers (D)
  A hellwing (D)
  3 hornets (D)
  A slime creature (D)
  Sigmund (D)
  A yak (D)
  13 hogs (D)
  2 redbacks (D)
  3 floating eyes (D)
  An ogre (D)
  7 necrophages (D)
  8 jellies (D)
  Ijyb (D)
63 creatures vanquished.

Vanquished Creatures (others)
  A deep elf annihilator (D)
  A queen bee (D)
  2 ballistomycete spores (D)
4 creatures vanquished.

Grand Total: 67 creatures vanquished

Notes
Turn   | Place    | Note
-------+----------+-------------------------------------------
     0 | D        | mhtbhm the Troll Transmuter began the quest for the Orb.
     0 | D        | Reached XP level 1. HP: 18/18 MP: 1/1
     2 | D        | Noticed Ijyb
    10 | D        | Killed Ijyb
    11 | D        | Reached skill level 5 in Unarmed Combat
    11 | D        | Reached XP level 2. HP: 26/26 MP: 1/3
   203 | D        | Learned a level 2 spell: Wereblood
   548 | D        | Noticed an ogre
   552 | D        | Killed an ogre
   553 | D        | Reached skill level 1 in Fighting
   553 | D        | Reached skill level 6 in Unarmed Combat
   553 | D        | Reached XP level 3. HP: 33/33 MP: 0/6
   553 | D        | Reached XP level 4. HP: 41/41 MP: 0/7
   596 | D        | Learned a level 3 spell: Spider Form
   769 | D        | Noticed Sigmund
   776 | D        | Killed Sigmund
   777 | D        | Reached skill level 8 in Unarmed Combat
   777 | D        | Reached XP level 5. HP: 44/48 MP: 2/9
   777 | D        | Reached XP level 6. HP: 51/55 MP: 2/10
   841 | D        | Learned a level 4 spell: Ice Form
   994 | D        | Found an ornate altar of the Wu Jian Council.
   994 | D        | Found a shimmering blue altar of Sif Muna.
   996 | D        | Found a radiant altar of Vehumet.
  1006 | D        | Found Voihaus's Magic Scroll Emporium.
  1006 | D        | Found an ancient bone altar of Kikubaaqudgha.
  1006 | D        | Found a hazy altar of Hepliaklqana.
  1006 | D        | Found a stormy altar of Qazlal.
  1006 | D        | Found a hide-covered altar of Uskayaw.
  1006 | D        | Found a blossoming altar of Fedhas.
  1006 | D        | Found a bloodstained altar of Trog.
  1006 | D        | Found an iron altar of Okawaru.
  1006 | D        | Found a basalt altar of Yredelemnul.
  1006 | D        | Found a glowing golden altar of the Shining One.
  1006 | D        | Found a snail-covered altar of Cheibriados.
  1006 | D        | Found a sacrificial altar of Ru.
  1006 | D        | Found a glowing silver altar of Zin.
  1006 | D        | Found a shadowy altar of Dithmenos.
  1006 | D        | Found a white marble altar of Elyvilon.
  1006 | D        | Noticed a yak
  1007 | D        | Found an opulent altar of Gozag.
  1015 | D        | Killed a yak
  1016 | D        | Reached skill level 9 in Unarmed Combat
  1016 | D        | Reached skill level 5 in Transmutations
  1016 | D        | Reached skill level 1 in Poison Magic
  1016 | D        | Found a sparkling altar of Nemelex Xobeh.
  1032 | D        | Became a worshipper of Warmaster Okawaru
  1155 | D        | Noticed Sonja
  1176 | D        | Killed Sonja
  1176 | D        | Reached * piety under Okawaru
  1176 | D        | Reached ** piety under Okawaru
  1177 | D        | Reached skill level 1 in Stealth
  1177 | D        | Reached skill level 10 in Unarmed Combat
  1177 | D        | Reached skill level 5 in Spellcasting
  1177 | D        | Reached XP level 7. HP: 52/66 MP: 7/14
  1253 | D        | Found Omilous's Antique Armour Boutique.
  1271 | D        | Bought a heavily jewelled robe for 142 gold pieces
  1271 | D        | Identified the +2 robe of Sophism {rElec Dex+3} (You bought
                  | it in a shop in the Dungeon)
  1323 | D        | Noticed a deep troll
  1352 | D        | Killed a deep troll
  1353 | D        | Reached skill level 5 in Dodging
  1353 | D        | Reached skill level 11 in Unarmed Combat
  1353 | D        | Reached XP level 8. HP: 33/75 MP: 11/16
  1421 | D        | Found Vuri's Armour Emporium.
  1478 | D        | Found a burning altar of Makhleb.
  1478 | D        | Found a viscous altar of Jiyva.
  1478 | D        | Found a shimmering altar of Xom.
  1478 | D        | Found a corrupted altar of Lugonu.
  1478 | D        | Noticed a slime creature
  1481 | D        | Killed a slime creature
  1481 | D        | Reached *** piety under Okawaru
  1482 | D        | Reached skill level 1 in Throwing
  1489 | D        | Noticed a kobold demonologist
  1490 | D        | Noticed a kobold demonologist
  1498 | D        | Killed a kobold demonologist
  1499 | D        | Reached XP level 9. HP: 83/83 MP: 11/17
  1499 | D        | Killed a kobold demonologist
  1544 | D        | Noticed a centaur warrior
  1544 | D        | Noticed a centaur warrior
  1557 | D        | Killed a centaur warrior
  1558 | D        | Reached skill level 12 in Unarmed Combat
  1558 | D        | Reached skill level 1 in Ice Magic
  1558 | D        | Reached skill level 5 in Invocations
  1561 | D        | HP: 2/99 [centaur warrior (12)]
  1564 | D        | Killed a centaur warrior
  1564 | D        | Reached **** piety under Okawaru
  1814 | D        | Noticed an oklob plant
  1820 | D        | Killed an oklob plant
  1821 | D        | Reached XP level 10. HP: 87/92 MP: 13/19
  1899 | D        | Reached ***** piety under Okawaru
  1978 | D        | Reached skill level 13 in Unarmed Combat
  2237 | D        | Identified the +0 buckler of Chill Winds {Int+3 Dex+4}
  2252 | D        | Found Wehif's Weapon Shoppe.
  2252 | D        | Found Waqoess's Book Shop.
  2252 | D        | Found Poodeyweem's Book Boutique.
  2254 | D        | Found Dedab's Jewellery Emporium.
  2254 | D        | Found Wogy's Antique Weapon Shop.
  2254 | D        | Found Enuqifuere's Distillery.
  2254 | D        | Found Cobaif's General Store.
  2254 | D        | Found Avyanno's Jewellery Emporium.
  2254 | D        | Found Boaprieb's Assorted Antiques.
  2254 | D        | Found Caewizof's Antique Weapon Shoppe.
  2263 | D        | Found Itageck's Jewellery Boutique.
  2264 | D        | Found Loyriot's Antique Weapon Emporium.
  2264 | D        | Found Bohemaw's Antique Weapon Boutique.
  2265 | D        | Found Rixat's Magic Scroll Emporium.
  2324 | D        | Bought a ring of protection from fire for 300 gold pieces
  2382 | D        | Bought a scroll of acquirement for 676 gold pieces
  2382 | D        | Acquired the +2 hat of Buikiam {Fly Regen+ Slay+2}
  2461 | D        | Bought a potion of heal wounds for 60 gold pieces
  2461 | D        | Bought a potion of haste for 120 gold pieces
  2461 | D        | Bought a potion of heal wounds for 60 gold pieces
  2461 | D        | Bought a potion of lignification for 36 gold pieces
  2541 | D        | Noticed a gargoyle
  2556 | D        | Identified the +3 kite shield "Malohiq" {Dex+5} (Okawaru
                  | gifted it to you in the Dungeon)
  2556 | D        | Received a gift from Okawaru
  2559 | D        | Killed a gargoyle
  2565 | D        | Reached skill level 1 in Evocations
  2762 | D        | Noticed a lindwurm
  2766 | D        | Killed a lindwurm
  2767 | D        | Reached skill level 5 in Fighting
  2777 | D        | Reached skill level 14 in Unarmed Combat
  2784 | D        | Reached XP level 11. HP: 102/102 MP: 15/21
  2925 | D        | Noticed a 12-headed hydra
  2928 | D        | Killed a 12-headed hydra
  3058 | D        | Noticed a daeva
  3072 | D        | Reached skill level 15 in Unarmed Combat
  3355 | D        | Found the +8 arc blade {discharge, rElec}
  3645 | D        | Reached skill level 10 in Invocations
  3654 | D        | Noticed a deep elf annihilator
  3667 | D        | Killed a deep elf annihilator
  3679 | D        | Paralysed by a hornet for 2 turns
  3681 | D        | Received a gift from Okawaru
  3681 | D        | HP: 6/157 [hornet (7)]
  3681 | D        | Slain by a hornet

Illustrated notes

Levels and vault maps discovered:
D:        dungeon_sprint_1 [red_sonja_temple_1, red_sonja_temple_small_1]

Skill      XL: |  1  2  3  4  5  6  7  8  9 10 11 |
---------------+----------------------------------+-----
Dodging        | 2 3 4 5 6 7 8 |  8.4
Unarmed Combat | 5 6 8 10 11 12 14 15 | 15.6
Transmutations | 2 3 4 6 7 8 9 |  9.1
Fighting       | 1 2 3 4 5 |  5.8
Spellcasting   | 2 3 5 6 7 8 |  8.0
Poison Magic   | 1 2 |  2.8
Stealth        | 1 2 3 4 |  4.4
Invocations    | 3 4 6 8 10 | 10.1
Throwing       | 1 2 |  2.1
Ice Magic      | 1 2 3 |  3.0
Evocations     | 1 |  1.9

Action                   |  1- 3 |  4- 6 |  7- 9 | 10-12 || total
-------------------------+-------+-------+-------+-------++-------
Melee: Unarmed           |     9 |    30 |    33 |   127 ||   199
       Punch             |     2 |       |       |     8 ||    10
       Headbutt          |     1 |       |       |       ||     1
Throw: Dart              |       |       |     3 |       ||     3
 Cast: Beastly Appendage |     2 |       |     1 |     2 ||     5
       Wereblood         |     1 |     4 |     4 |     5 ||    14
       Spider Form       |       |     2 |     1 |       ||     3
       Ice Form          |       |     1 |     4 |     8 ||    13
Invok: Heroism           |       |       |       |     1 ||     1
Evoke: Wand              |       |     1 |       |     7 ||     8
  Use: Potion            |     2 |     2 |     2 |     6 ||    12
       Scroll            |       |       |     1 |     3 ||     4
 Stab: Sleeping          |       |     1 |     2 |     4 ||     7
       Invisible         |       |     1 |       |     1 ||     2
Armor: Skin              |     1 |     6 |    14 |    90 ||   111
       Robe              |       |     1 |     3 |    16 ||    20
Dodge: Dodged            |     1 |    24 |    20 |    75 ||   120

Table legend: (Time is in decaauts)
 A = Elapsed time spent in this place.
 B = Non-inter-level travel time spent in this place.
 C = Inter-level travel time spent in this place.
 D = Time resting spent in this place.
 E = Time spent auto-exploring this place.
 F = Levels seen in this place.
 G = Mean time per level.
                   A        B        C        D        E       F      G
               +--------+--------+--------+--------+--------+-----+--------+
         Total |   3610 |   3610 |      0 |   2104 |      0 |   1 | 3610.0 |
       Dungeon |   3610 |   3610 |      0 |   2104 |      0 |   1 | 3610.0 |
               +--------+--------+--------+--------+--------+-----+--------+

Top non-repeatable levels by time:
       D: 3610 daAuts
